NWL (28 & UNDER)
SAN DIEGO SMASHERS @ MOOSE JAW GHOSTBUSTERS
07/01/2026
 
TOP OF THE 1ST
San Diego Smashers batting - Pitching for Moose Jaw Ghostbusters : LHP Martin White
Pitching: LHP Martin White
Batting: RHB Ricardo Guzmán 0-0: Ground out 5-3 (Groundball, 5)
Batting: RHB António López 0-0: Ball
1-0: SINGLE (Flyball, 8LS)
Batting: RHB Marty Hendrickson 0-0: Foul Ball, location: 2F
0-1: Swinging Strike
0-2: Ball
1-2: Foul Ball, location: 2F
1-2: Ball
2-2: Fly out, F9 (Flyball, 89S)
Batting: RHB Fred Ameris 0-0: Ball
1-0: Called Strike
1-1: Ball
2-1: Foul Ball, location: 2F
2-2: Foul Ball, location: 2F
2-2: SINGLE (Groundball, 34D)
António López to second
Runner from 2nd tries for 3rd, SAFE, no throw or cutoff
Batting: SHB Adrián Nieto 0-0: Called Strike
0-1: Ball
1-1: Ground out 5-3 (Groundball, 56)
Top of the 1st over - 0 run(s), 2 hit(s), 0 error(s), 2 left on base; San Diego 0 - Moose Jaw 0
BOTTOM OF THE 1ST
Moose Jaw Ghostbusters batting - Pitching for San Diego Smashers : LHP John Lawson
Pitching: LHP John Lawson
Batting: LHB Dave Stewart 0-0: Ball
1-0: Fly out, F6 (Popup, 6)
Batting: LHB Will Vale 0-0: Ball
1-0: Called Strike
1-1: Ball
2-1: Ground out 1-3 (Groundball, 13S)
Batting: RHB John Major 0-0: Called Strike
0-1: Fly out, F7 (Flyball, 78S)
Bottom of the 1st over - 0 run(s), 0 hit(s), 0 error(s), 0 left on base; San Diego 0 - Moose Jaw 0
TOP OF THE 2ND
San Diego Smashers batting - Pitching for Moose Jaw Ghostbusters : LHP Martin White
Batting: LHB Karl Hill 0-0: Ball
1-0: Swinging Strike
1-1: Foul Ball, location: 2F
1-2: Strikes out swinging
Batting: LHB Ken Phillips 0-0: Called Strike
0-1: Ball
1-1: Swinging Strike
1-2: Foul Ball, location: 2F
1-2: Strikes out swinging
Batting: SHB Chris Woods 0-0: Ball
1-0: Called Strike
1-1: Ball
2-1: Called Strike
2-2: Ball
3-2: Strikes out swinging
Top of the 2nd over - 0 run(s), 0 hit(s), 0 error(s), 0 left on base; San Diego 0 - Moose Jaw 0
BOTTOM OF THE 2ND
Moose Jaw Ghostbusters batting - Pitching for San Diego Smashers : LHP John Lawson
Batting: RHB Paco Hernández 0-0: Ball
1-0: Called Strike
1-1: SINGLE (Line Drive, 8RS)
Batting: RHB Luis Miguel Sánchez 0-0: Swinging Strike
0-1: Called Strike
0-2: Ball
1-2: Ball
2-2: Ball
3-2: Strikes out swinging
Batting: RHB Don Turner 0-0: Swinging Strike
0-1: Ball
1-1: Foul Ball, location: 2F
1-2: Ball
2-2: Strikes out swinging
Batting: RHB Shawn Bane 0-0: Fly out, F9 (Popup, 89S)
Bottom of the 2nd over - 0 run(s), 1 hit(s), 0 error(s), 1 left on base; San Diego 0 - Moose Jaw 0
TOP OF THE 3RD
San Diego Smashers batting - Pitching for Moose Jaw Ghostbusters : LHP Martin White
Batting: LHB Francisco Medina 0-0: Ball
1-0: Ball
2-0: Called Strike
2-1: Fly out, F9 (Line Drive, 9D)
Batting: RHB Ricardo Guzmán 0-0: SINGLE (Groundball, 6)
Batting: RHB António López 0-0: Ball
Ricardo Guzmán is caught stealing 2nd base
1-0: Ball
2-0: Ball
3-0: Foul Ball, location: 2F
3-1: Swinging Strike
3-2: Strikes out swinging
Top of the 3rd over - 0 run(s), 1 hit(s), 0 error(s), 0 left on base; San Diego 0 - Moose Jaw 0
BOTTOM OF THE 3RD
Moose Jaw Ghostbusters batting - Pitching for San Diego Smashers : LHP John Lawson
Batting: RHB Nicholas Harris 0-0: Ball
1-0: Ball
2-0: Fly out, F6 (Popup, 6D)
Batting: LHB John Robbins 0-0: Foul Ball, location: 2F
0-1: Foul Ball, location: 2F
0-2: DOUBLE (Line Drive, 5D)
Batting: LHB Dave Stewart 0-0: Ball
1-0: Called Strike
1-1: Ball
2-1: Ground out 4-3 (Groundball, 4)
John Robbins to third
Batting: LHB Will Vale 0-0: Foul Ball, location: 2F
0-1: Ball
1-1: Ground out 6-3 (Groundball, 6)
Bottom of the 3rd over - 0 run(s), 1 hit(s), 0 error(s), 1 left on base; San Diego 0 - Moose Jaw 0
TOP OF THE 4TH
San Diego Smashers batting - Pitching for Moose Jaw Ghostbusters : LHP Martin White
Batting: RHB Marty Hendrickson 0-0: Ball
1-0: Ball
2-0: Called Strike
2-1: Ball
3-1: Ground out 4-3 (Groundball, 4)
Batting: RHB Fred Ameris 0-0: Ball
1-0: Ball
2-0: Ball
3-0: Base on Balls
Batting: SHB Adrián Nieto 0-0: Ball
1-0: Fielders Choice at 2nd, 1-6 (Groundball, 13S)
Batting: LHB Karl Hill 0-0: Ground out 3-1 (Groundball, 34)
Top of the 4th over - 0 run(s), 0 hit(s), 0 error(s), 1 left on base; San Diego 0 - Moose Jaw 0
BOTTOM OF THE 4TH
Moose Jaw Ghostbusters batting - Pitching for San Diego Smashers : LHP John Lawson
Batting: RHB John Major 0-0: Foul Ball, location: 2F
0-1: Called Strike
0-2: Ball
1-2: Ball
2-2: Ball
3-2: SOLO HOME RUN (Flyball, 8LXD), Distance : 410 ft
Batting: RHB Paco Hernández 0-0: Ball
1-0: Foul Ball, location: 2F
1-1: Ball
2-1: Swinging Strike
2-2: Ball
3-2: Fly out, F8 (Line Drive, 78D)
Batting: RHB Luis Miguel Sánchez 0-0: Ball
1-0: Ball
2-0: Called Strike
2-1: Foul Ball, location: 2F
2-2: SINGLE (Line Drive, 34)
Batting: RHB Don Turner 0-0: 2-RUN HOME RUN (Flyball, 7D), Distance : 381 ft
Batting: RHB Shawn Bane 0-0: Ball
1-0: Ball
2-0: Swinging Strike
2-1: Ball
3-1: DOUBLE (Groundball, 3L)
Batting: RHB Nicholas Harris 0-0: Ball
1-0: Ball
2-0: Ball
3-0: Called Strike
3-1: Foul Ball, location: 2F
3-2: Strikes out swinging
Batting: LHB John Robbins 0-0: Called Strike
0-1: Ball
1-1: Ball
2-1: Ground out 4-3 (Groundball, 4)
Bottom of the 4th over - 3 run(s), 4 hit(s), 0 error(s), 1 left on base; San Diego 0 - Moose Jaw 3
TOP OF THE 5TH
San Diego Smashers batting - Pitching for Moose Jaw Ghostbusters : LHP Martin White
Batting: LHB Ken Phillips 0-0: Swinging Strike
0-1: DOUBLE (Line Drive, 9LS)
Batting: SHB Chris Woods 0-0: Called Strike
0-1: Ball
1-1: Foul Ball, location: 2F
1-2: SINGLE (Flyball, 9LS)
Ken Phillips to third
Batting: LHB Francisco Medina 0-0: Foul Ball, location: 2F
0-1: Fielders Choice at 2nd, 5-4 (Groundball, 56)
Ken Phillips scores
Batting: RHB Ricardo Guzmán 0-0: Called Strike
0-1: Ball
1-1: SINGLE (Line Drive, 6MD)
Francisco Medina to second
Batting: RHB António López 0-0: Ball
1-0: Fly out, F9 (Popup, 34D)
Batting: RHB Marty Hendrickson 0-0: Ball
1-0: Called Strike
1-1: Called Strike
1-2: Fly out, F9 (Line Drive, 89S)
Top of the 5th over - 1 run(s), 3 hit(s), 0 error(s), 2 left on base; San Diego 1 - Moose Jaw 3
BOTTOM OF THE 5TH
Moose Jaw Ghostbusters batting - Pitching for San Diego Smashers : LHP John Lawson
Batting: LHB Dave Stewart 0-0: Foul Ball, location: 2F
0-1: Foul Ball, location: 2F
0-2: Ball
1-2: Strikes out swinging
Batting: LHB Will Vale 0-0: Ball
1-0: Bunt for hit - play at first, batter OUT! 1-3
Batting: RHB John Major 0-0: Called Strike
0-1: Ball
1-1: Swinging Strike
1-2: Strikes out swinging
Bottom of the 5th over - 0 run(s), 0 hit(s), 0 error(s), 0 left on base; San Diego 1 - Moose Jaw 3
TOP OF THE 6TH
San Diego Smashers batting - Pitching for Moose Jaw Ghostbusters : LHP Martin White
Batting: RHB Fred Ameris 0-0: Ball
1-0: Ball
2-0: Foul Ball, location: 2F
2-1: Ball
3-1: Called Strike
3-2: Foul Ball, location: 2F
3-2: Ground out 4-3 (Groundball, 4M)
Pitching: RHP Andrés Ruíz
Batting: SHB Adrián Nieto 0-0: Foul Ball, location: 2F
0-1: Ground out 4-3 (Groundball, 4M)
Batting: LHB Karl Hill 0-0: Called Strike
0-1: Ball
1-1: Called Strike
1-2: DOUBLE (Flyball, 89D)
Batting: LHB Ken Phillips 0-0: Ball
1-0: Swinging Strike
1-1: Ball
2-1: Foul Ball, location: 2F
2-2: Ball
3-2: 2-RUN HOME RUN (Flyball, 8RXD), Distance : 421 ft
Batting: SHB Chris Woods 0-0: Ball
1-0: Ball
2-0: Called Strike
2-1: Ball
3-1: Foul Ball, location: 2F
3-2: Base on Balls
Batting: LHB Francisco Medina 0-0: Called Strike
0-1: Ground out 4-3 (Groundball, 4)
Top of the 6th over - 2 run(s), 2 hit(s), 0 error(s), 1 left on base; San Diego 3 - Moose Jaw 3
BOTTOM OF THE 6TH
Moose Jaw Ghostbusters batting - Pitching for San Diego Smashers : LHP John Lawson
Batting: RHB Paco Hernández 0-0: Foul Ball, location: 2F
0-1: Hit by Pitch
Pitching: LHP Jesús Martínez
Batting: RHB Luis Miguel Sánchez 0-0: Fly out, F2 (Popup, 2RF)
Batting: RHB Don Turner 0-0: Called Strike
0-1: Swinging Strike
0-2: Strikes out swinging
Batting: RHB Shawn Bane 0-0: Swinging Strike
0-1: Ball
1-1: SINGLE (Line Drive, 7LS)
Paco Hernández to second
Batting: RHB Nicholas Harris 0-0: Ball
1-0: Swinging Strike
1-1: Called Strike
1-2: Fly out, F7 (Flyball, 7LSF)
Bottom of the 6th over - 0 run(s), 1 hit(s), 0 error(s), 2 left on base; San Diego 3 - Moose Jaw 3
TOP OF THE 7TH
San Diego Smashers batting - Pitching for Moose Jaw Ghostbusters : RHP Andrés Ruíz
Pinch Hitting: RHB Phil White 0-0: Swinging Strike
0-1: Foul Ball, location: 2F
0-2: Ball
1-2: Ball
2-2: Strikes out swinging
Batting: RHB António López 0-0: Ground out 5-3 (Groundball, 56)
Batting: RHB Marty Hendrickson 0-0: Ground out 4-3 (Groundball, 4)
Top of the 7th over - 0 run(s), 0 hit(s), 0 error(s), 0 left on base; San Diego 3 - Moose Jaw 3
BOTTOM OF THE 7TH
Moose Jaw Ghostbusters batting - Pitching for San Diego Smashers : LHP Jesús Martínez
Now in CF: Ramiro Martínez
Pinch Hitting: RHB Ángel García 0-0: Fly out, F4 (Popup, 4M)
Batting: LHB Dave Stewart 0-0: Called Strike
0-1: Ball
1-1: Ball
2-1: Swinging Strike
2-2: Strikes out swinging
Batting: LHB Will Vale 0-0: Ball
1-0: Foul Ball, location: 2F
1-1: Fly out, F8 (Flyball, 8LM)
Bottom of the 7th over - 0 run(s), 0 hit(s), 0 error(s), 0 left on base; San Diego 3 - Moose Jaw 3
TOP OF THE 8TH
San Diego Smashers batting - Pitching for Moose Jaw Ghostbusters : RHP Andrés Ruíz
Pitching: RHP Whit Johnson
Now at 3B: Robert Carter
Batting: RHB Fred Ameris 0-0: Ball
1-0: Ground out 5-3 (Groundball, 5S)
Batting: SHB Adrián Nieto 0-0: Ball
1-0: Fly out, F8 (Flyball, 78M)
Batting: LHB Karl Hill 0-0: Ball
1-0: Called Strike
1-1: Ball
2-1: Ball
3-1: Fly out, F5 (Popup, 5DF)
Top of the 8th over - 0 run(s), 0 hit(s), 0 error(s), 0 left on base; San Diego 3 - Moose Jaw 3
BOTTOM OF THE 8TH
Moose Jaw Ghostbusters batting - Pitching for San Diego Smashers : LHP Jesús Martínez
Pitching: RHP Jeremy Murray
Batting: RHB John Major 0-0: Ball
1-0: Ball
2-0: Swinging Strike
2-1: Swinging Strike
2-2: Fly out, F9 (Popup, 9S)
Batting: RHB Paco Hernández 0-0: Ball
1-0: Ball
2-0: Foul Ball, location: 2F
2-1: Ground out 4-3 (Groundball, 34)
Batting: RHB Luis Miguel Sánchez 0-0: Ball
1-0: Called Strike
1-1: Called Strike
1-2: Strikes out swinging
Bottom of the 8th over - 0 run(s), 0 hit(s), 0 error(s), 0 left on base; San Diego 3 - Moose Jaw 3
TOP OF THE 9TH
San Diego Smashers batting - Pitching for Moose Jaw Ghostbusters : RHP Whit Johnson
Pitching: LHP Júlio Aguilar
Pinch Hitting: RHB Manuel Muńóz 0-0: Called Strike
0-1: Ball
1-1: Ball
2-1: Called Strike
2-2: Foul Ball, location: 2F
2-2: Foul Ball, location: 2F
2-2: Foul Ball, location: 2F
2-2: Foul Ball, location: 2F
2-2: Ball
3-2: Foul Ball, location: 2F
3-2: Base on Balls
Batting: SHB Chris Woods 0-0: Ball
1-0: Ball
2-0: SINGLE (Line Drive, 7S)
Manuel Muńóz to second
Pinch Hitting: RHB Gilberto Guzmán 0-0: Ball
1-0: Foul Ball, location: 2F
1-1: SINGLE (Groundball, 6MD)
Manuel Muńóz to third
Chris Woods to second
Batting: LHB Ramiro Martínez 0-0: Foul Ball, location: 2F
0-1: Ball
1-1: Foul Ball, location: 2F
1-2: Ball
2-2: Strikes out swinging
Batting: RHB António López 0-0: Ball
1-0: Foul Ball, location: 2F
1-1: Fly out, F5 (Line Drive, 56)
Batting: RHB Marty Hendrickson 0-0: Ball
1-0: Ball
2-0: Foul Ball, location: 2F
2-1: Foul Ball, location: 2F
2-2: Strikes out swinging
Top of the 9th over - 0 run(s), 2 hit(s), 0 error(s), 3 left on base; San Diego 3 - Moose Jaw 3
BOTTOM OF THE 9TH
Moose Jaw Ghostbusters batting - Pitching for San Diego Smashers : RHP Jeremy Murray
Pitching: LHP Michael Manning
Now at SS: Gilberto Guzmán
Now in LF: Manuel Muńóz
Batting: RHB Don Turner 0-0: Ball
1-0: Called Strike
1-1: Ball
2-1: Ground out 6-3 (Groundball, 6M)
Batting: RHB Shawn Bane 0-0: Foul Ball, location: 2F
0-1: Ball
1-1: Swinging Strike
1-2: Foul Ball, location: 2F
1-2: Strikes out looking
Pinch Hitting: RHB Manuel Pérez 0-0: Ball
1-0: Ball
2-0: Ball
3-0: Called Strike
3-1: Base on Balls
Pinch Hitting: RHB Juan Vázquez 0-0: Ball
1-0: Ball
2-0: Called Strike
2-1: Fielders Choice at 2nd, U6 (Groundball, 6M)
Bottom of the 9th over - 0 run(s), 0 hit(s), 0 error(s), 1 left on base; San Diego 3 - Moose Jaw 3
TOP OF THE 10TH
San Diego Smashers batting - Pitching for Moose Jaw Ghostbusters : LHP Júlio Aguilar
Now at 3B: Aaron Murray
Now at SS: Martín Cruz
Batting: RHB Fred Ameris 0-0: Ball
1-0: Ball
2-0: Called Strike
2-1: Foul Ball, location: 2F
2-2: Foul Ball, location: 2F
2-2: Ball
3-2: Base on Balls
Pinch Runner at 1st Ryan Cates:
Batting: SHB Adrián Nieto 0-0: Called Strike
0-1: Ball
1-1: Ball
2-1: Ball
3-1: TRIPLE (Flyball, 89M)
Ryan Cates scores
Pitching: RHP Bennett Greer
Batting: LHB Karl Hill 0-0: Foul Ball, location: 2F
0-1: Ball
1-1: Ball
2-1: Ball
3-1: Base on Balls
Batting: RHB Manuel Muńóz 0-0: Ball
1-0: DOUBLE (Line Drive, 3D)
Adrián Nieto scores
Karl Hill to third
Batting: SHB Chris Woods 0-0: Intentional Walk
Batting: RHB Gilberto Guzmán 0-0: Ball
1-0: Swinging Strike
1-1: Ball
2-1: Swinging Strike
2-2: Strikes out swinging
Batting: LHB Ramiro Martínez 0-0: Ball
1-0: Ball
2-0: Swinging Strike
2-1: Ball
3-1: Swinging Strike
3-2: Strikes out looking
Batting: RHB António López 0-0: Foul Ball, location: 2F
0-1: Foul Ball, location: 2F
0-2: Foul Ball, location: 2F
0-2: Ground out 3-1 (Groundball, 34)
Top of the 10th over - 2 run(s), 2 hit(s), 0 error(s), 3 left on base; San Diego 5 - Moose Jaw 3
BOTTOM OF THE 10TH
Moose Jaw Ghostbusters batting - Pitching for San Diego Smashers : LHP Michael Manning
Now at 3B: Ryan Cates
Batting: LHB Dave Stewart 0-0: Foul Ball, location: 2F
0-1: Foul Ball, location: 2F
0-2: Foul Ball, location: 2F
0-2: Foul Ball, location: 2F
0-2: Ball
1-2: Foul Ball, location: 2F
1-2: Ball
2-2: Fly out, F9 (Flyball, 9M)
Batting: LHB Will Vale 0-0: Fly out, F8 (Flyball, 78S)
Batting: RHB John Major 0-0: Ball
1-0: Ball
2-0: Called Strike
2-1: Swinging Strike
2-2: DOUBLE (Flyball, 9D)
Batting: RHB Paco Hernández 0-0: Ball
Wild Pitch!
John Major to third
1-0: Ball
2-0: Ball
3-0: Base on Balls
Batting: RHB Luis Miguel Sánchez 0-0: Swinging Strike
0-1: Ground out 1-3 (Groundball, 15)
Bottom of the 10th over - 0 run(s), 1 hit(s), 0 error(s), 2 left on base; San Diego 5 - Moose Jaw 3
Monday, December 5th, 2016 - OOTP Baseball 17.12 Build 75